 Dungeon Crawl Stone Soup version 0.21.1-1-g345015f (webtiles) character file.

2157 tev the Cleaver (level 9, -6/68 HPs)
             Began as a Demonspawn Berserker on July 30, 2018.
             Was an Elder of Trog.
             Mangled by a sixfirhy (12 damage)
             ... on level 1 of the Abyss.
             The game lasted 00:25:37 (4781 turns).

tev the Cleaver (Demonspawn Berserker)              Turns: 4781, Time: 00:25:38

Health: -6/68      AC: 14    Str: 26    XL:     9   Next: 10%
Magic:  9/9        EV: 15    Int:  8    God:    Trog [****..]
Gold:   315        SH:  0    Dex: 13    Spells: 8/8 levels left

rFire    + . .     SeeInvis +   z - +1 war axe
rCold    . . .     Gourm    .   (no shield)
rNeg     + . .     Faith    .   q - +3 ring mail {rF+}
rPois    .         Spirit   .   (helmet unavailable)
rElec    .         Reflect  .   y - +0 cloak
rCorr    .         Harm     .   c - +2 pair of gloves
MR       ++...                  o - +0 pair of boots
Stlth    +.........             (no amulet)
HPRegen  1.21/turn              D - +5 ring of strength
MPRegen  0.11/turn              r - ring of positive energy

@: berserk cooldown, regenerating, slowed, very slow
A: antennae 3, repulsion field 2, powered by death 2
a: Berserk, Trog's Hand, Brothers in Arms, Burn Spellbooks, Renounce Religion


You were on level 1 of the Abyss.
You worshipped Trog.
Trog was greatly pleased with you.
You were near starving.

You visited 1 branch of the dungeon, and saw 6 of its levels.
You visited the Abyss 1 time.

You collected 315 gold pieces.

Inventory:

Hand Weapons
 z - a +1 war axe (weapon)
Armour
 c - a +2 pair of gloves (worn)
 o - a +0 pair of boots (worn)
 q - a +3 ring mail of fire resistance (worn)
 y - a +0 cloak (worn)
Jewellery
 r - a ring of positive energy (right hand)
 D - a +5 ring of strength (left hand)
Wands
 w - a wand of flame (21)
 x - a wand of scattershot (8)
 E - a wand of random effects (7)
Scrolls
 g - 3 scrolls of teleportation
 h - 10 scrolls of identify
 i - 2 scrolls of magic mapping
 k - a scroll of fear
 n - a scroll of remove curse
 s - 2 scrolls of enchant weapon
Potions
 a - a potion of degeneration {unknown}
 d - 2 potions of curing {unknown}
 e - 2 potions of magic {unknown}
 f - a potion of ambrosia {unknown}
 t - 2 potions of brilliance {unknown}
 v - a potion of agility {unknown}
 A - a potion of heal wounds {unknown}
Comestibles
 u - 9 rations


   Skills:
 + Level 5.2 Fighting
 * Level 9.6 Axes
 + Level 3.8 Armour
 + Level 3.4 Dodging


You had 8 spell levels left.
You didn't know any spells.

Dungeon Overview and Level Annotations

Branches:
Dungeon (6/15)
 Temple: D:4-7

Altars:
Elyvilon
Fedhas
Gozag
Hepliaklqana
Sif Muna
Trog
The Shining One


Innate Abilities, Weirdness & Mutations

You have a pair of large antennae on your head. (SInv)
You are surrounded by a moderate repulsion field. (EV +3)
You regenerate health from kills.


Message History

The sixfirhy is heavily wounded.
You are covered in liquid flames!
You are no longer berserk.
You are exhausted.
You feel yourself slow down. The sixfirhy hits you!
* * * LOW HITPOINT WARNING * * *
The sixfirhy shocks you!
* * * LOW HITPOINT WARNING * * *
Okay, then.
You are too injured to fight recklessly!
You miss the sixfirhy.
The sixfirhy is heavily wounded.
You hit the large abomination.
You are covered in liquid flames!
* * * LOW HITPOINT WARNING * * *
The sixfirhy hits you but does no damage.
The sixfirhy hits you.
* * * LOW HITPOINT WARNING * * *
The sixfirhy shocks you!
You die...

#. . .. ##.. .#. . # .
.... ... . .. ... ##..
#.#.. #. .... # .
....... #. .### # .. .
# ##.#.# # #(....# #.#
##...3##.### . .. # #
#.....@...# {.... . .
........X.......... ...
.#.............. ... #
##...#.#...............
##.####....... .. .
#... .##....#.##.. #
#... . ......### # . .
... .# .....# ##.
.......


You could see a large abomination and a sixfirhy.

Vanquished Creatures
  A smoke demon (Abyss:1)
  Grinder (D:5)
  A neqoxec (Abyss:1)
  An ice beast (D:4)
  2 orc warriors
  The ghost of Skycstls the Chopper, an amateur HOBe of Trog (D:3)
  A sky beast (D:5)
  A hornet zombie (D:5)
  4 ogres
  A centaur zombie (D:5)
  A crimson imp (D:5)
  A jelly (D:5)
  An orc priest (D:4)
  6 orc wizards
  Natasha (twice) (D:2)
  2 iguanas (D:4)
  2 worker ants
  A howler monkey skeleton (D:4)
  6 adders
  A shadow imp (D:5)
  3 worms (D:2)
  2 dart slugs
  5 leopard geckos
  17 orcs
  5 ball pythons
  5 bats
  5 giant cockroaches
  10 goblins
  6 hobgoblins
  21 jackals
  5 kobolds
  13 frilled lizards
  A giant cockroach zombie (D:5)
  8 rats
143 creatures vanquished.

Notes
Turn   | Place    | Note
-------+----------+-------------------------------------------
     0 | D:1      | tev the Demonspawn Berserker began the quest for the Orb.
     0 | D:1      | Reached XP level 1. HP: 18/18 MP: 1/1
   137 | D:1      | Gained mutation: You regenerate a little health from kills. [demonic ancestry]
   137 | D:1      | Reached XP level 2. HP: 9/24 MP: 2/2
   141 | D:1      | Reached skill level 3 in Axes
  1301 | D:2      | Found a bloodstained altar of Trog.
  1311 | D:2      | Gained mutation: You have a pair of small antennae on your head. [demonic ancestry]
  1311 | D:2      | Reached XP level 3. HP: 29/29 MP: 3/3
  1397 | D:2      | Reached ** piety under Trog
  1525 | D:2      | Found a glowing golden altar of the Shining One.
  1545 | D:2      | Found a faded altar of an unknown god.
  1687 | D:2      | Noticed Natasha
  1691 | D:2      | Reached XP level 4. HP: 37/37 MP: 4/4
  1695 | D:2      | Killed Natasha
  1695 | D:2      | Reached skill level 4 in Axes
  1782 | D:2      | Noticed Natasha
  1792 | D:2      | Killed Natasha
  1792 | D:2      | Gained mutation: You are surrounded by a mild repulsion field. (EV +2) [demonic ancestry]
  1792 | D:2      | Reached XP level 5. HP: 27/42 MP: 5/5
  1923 | D:3      | Found a hazy altar of Hepliaklqana.
  2034 | D:3      | Noticed Skycstls's ghost (amateur HOBe)
  2046 | D:3      | Killed Skycstls's ghost
  2046 | D:3      | Reached skill level 5 in Axes
  2046 | D:3      | Gained mutation: You have a pair of antennae on your head. [demonic ancestry]
  2046 | D:3      | Reached XP level 6. HP: 48/48 MP: 6/6
  2171 | D:3      | Reached *** piety under Trog
  2220 | D:3      | Found a transporter.
  2227 | D:3      | Found a transporter.
  2270 | D:3      | Found an opulent altar of Gozag.
  2270 | D:3      | Found a deep blue altar of Sif Muna.
  2735 | D:4      | Noticed an orc warrior
  2744 | D:4      | Noticed an ice beast
  2749 | D:4      | Killed an orc warrior
  2749 | D:4      | Reached skill level 6 in Axes
  2749 | D:4      | Gained mutation: You are surrounded by a moderate repulsion field. (EV +3) [demonic ancestry]
  2749 | D:4      | Reached XP level 7. HP: 54/54 MP: 7/7
  2752 | D:4      | Received a gift from Trog
  3685 | D:4      | Found a blossoming altar of Fedhas.
  3802 | D:5      | Entered Level 5 of the Dungeon
  3838 | D:5      | Reached skill level 7 in Axes
  3840 | D:5      | Gained mutation: You regenerate health from kills. [demonic ancestry]
  3840 | D:5      | Reached XP level 8. HP: 43/61 MP: 8/8
  4038 | D:5      | Noticed Grinder
  4043 | D:5      | Killed Grinder
  4068 | D:5      | Reached skill level 8 in Axes
  4178 | D:5      | Found a white marble altar of Elyvilon.
  4432 | D:5      | Reached skill level 5 in Fighting
  4623 | D:6      | Reached **** piety under Trog
  4679 | D:6      | Reached skill level 9 in Axes
  4685 | D:6      | Cast into level 1 of the Abyss (orc)
  4761 | Abyss:1  | Noticed a smoke demon
  4763 | Abyss:1  | Noticed a sixfirhy
  4770 | Abyss:1  | Killed a smoke demon
  4770 | Abyss:1  | Gained mutation: You have a pair of large antennae on your head. (SInv) [demonic ancestry]
  4770 | Abyss:1  | Reached XP level 9. HP: 68/68 MP: 9/9
  4772 | Abyss:1  | Noticed a large abomination
  4781 | Abyss:1  | Mangled by a sixfirhy

Skill      XL: |  1  2  3  4  5  6  7  8 |
---------------+-------------------------+-----
Axes           | 3 4 5 6 7 9 |  9.6
Dodging        | 2 3 |  3.4
Armour         | 2 3 |  3.8
Fighting       | 4 5 |  5.2

Action                   |  1- 3 |  4- 6 |  7- 9 || total
-------------------------+-------+-------+-------++-------
Melee: Hand axe          |   142 |   155 |    55 ||   352
       War axe           |       |       |   163 ||   163
Invok: Berserk           |     1 |     4 |     3 ||     8
       Trog's Hand       |       |     1 |     1 ||     2
  Use: Scroll            |       |       |    11 ||    11
  Eat: Ration            |     1 |       |       ||     1
       Chunk             |       |     7 |     9 ||    16
Armor: Animal skin       |    15 |       |       ||    15
       Ring mail         |    48 |    63 |    72 ||   183
Dodge: Dodged            |   107 |    90 |   185 ||   382
